 Dungeon Crawl Stone Soup version 0.25.0-10-g039870ee82 (webtiles) character file.

Game seed: 58642949139550400

464 Kerr0r the Chopper (level 7, -4/64 HPs)
             Began as a Hill Orc Berserker on June 22, 2020.
             Was a Believer of Wu Jian.
             Slain by a black bear (6 damage)
             ... created by the rage of Trog
             ... on level 4 of the Dungeon.
             The game lasted 00:10:42 (4832 turns).

Kerr0r the Chopper (Hill Orc Berserker)             Turns: 4832, Time: 00:10:42

Health: -4/64      AC:  9    Str: 22    XL:     7   Next: 7%
Magic:  7/7        EV:  8    Int:  7    God:    Wu Jian [**....]
Gold:   328        SH:  0    Dex: 10    Spells: 6/6 levels left

rFire    . . .     SeeInvis .   a - +0 hand axe
rCold    . . .     Gourm    .   (no shield)
rNeg     . . .     Faith    .   s - +0 chain mail
rPois    .         Spirit   .   (no helmet)
rElec    .         Reflect  .   (no cloak)
rCorr    .         Harm     .   (no gloves)
MR       .....                  (no boots)
Stlth    ..........             (no amulet)
HPRegen  0.20/turn              (no ring)
MPRegen  0.10/turn              (no ring)

@: no status effects
A: no striking features
a: Wall Jump, Renounce Religion


You were on level 4 of the Dungeon.
You worshipped Wu Jian.
Wu Jian was pleased with you.
You were not hungry.

You visited 1 branch of the dungeon, and saw 4 of its levels.

You collected 328 gold pieces.

Inventory:

Hand Weapons
 a - a +0 hand axe (weapon)
Armour
 b - a +0 animal skin
 d - a +0 leather armour
 s - a +0 chain mail (worn)
Wands
 u - a wand of random effects (11)
 v - a wand of flame (25)
 w - a wand of disintegration (14)
Scrolls
 e - 2 scrolls of teleportation {unknown}
 f - 3 scrolls of remove curse {unknown}
 g - a scroll of amnesia {unknown}
 i - a scroll of magic mapping {unknown}
 j - 2 scrolls of fog {unknown}
 l - a scroll of blinking {unknown}
 o - 2 scrolls of enchant armour {unknown}
 q - 3 scrolls of identify {unknown}
Potions
 h - a potion of stabbing
 k - a potion of resistance {unknown}
 m - 2 potions of brilliance {unknown}
 p - a potion of degeneration {unknown}
 r - a potion of flight {unknown}
 t - a potion of heal wounds {unknown}
Comestibles
 c - 6 rations


   Skills:
 + Level 6.8 Fighting
 + Level 7.5 Axes
 - Level 2.7 Armour
 - Level 2.0 Dodging


You had 6 spell levels left.
You didn't know any spells.
Your spell library was empty.

Dungeon Overview and Level Annotations

Branches:
Dungeon (4/15)             Temple (0/1) D:4

Altars:
Elyvilon
Trog
Wu Jian


Message History

The black bear bites you but does no damage.
The black bear claws you but does no damage.
The black bear barely misses you. The polar bear bites you!!
* * * LOW HITPOINT WARNING * * *
The polar bear claws you but does no damage.
The polar bear completely misses you. The black bear bites you.
* * * LOW HITPOINT WARNING * * *
The black bear closely misses you.
The black bear claws you but does no damage.
The black bear bites you but does no damage.
The black bear claws you but does no damage.
The black bear barely misses you.
Your chain mail prevents you from hitting the black bear.
The black bear is lightly wounded.
You hit the polar bear but do no damage.
Your chain mail prevents you from hitting the black bear.
The polar bear bites you but does no damage.
The polar bear claws you but does no damage.
The polar bear closely misses you. The black bear bites you.
You die...

#+# #h#
#@######
#hhh...#
######.#
#.# #.#
#.# #
#.# .
#.# #
#.#


You could see 2 polar bears and 2 black bears.

Vanquished Creatures
  A phantom (D:4)
  A scorpion (D:4)
  A hound (D:4)
  An orc wizard (D:4)
  An iguana (D:2)
  A worker ant (D:4)
  Natasha (thrice) (D:2)
  A hound skeleton (D:4)
  5 adders
  An ooze (D:1)
  2 worms (D:4)
  3 dart slugs
  2 leopard geckos
  5 orcs (D:4)
  2 ball pythons
  10 bats
  3 giant cockroaches
  7 goblins
  4 hobgoblins
  10 jackals
  A quokka (D:2)
  2 frilled lizards
  6 kobolds
  9 rats
82 creatures vanquished.

Vanquished Creatures (others)
  5 toadstools (D:2)
5 creatures vanquished.

Grand Total: 87 creatures vanquished

Notes
Turn   | Place    | Note
-------+----------+-------------------------------------------
     0 | D:1      | Kerr0r the Hill Orc Berserker began the quest for the Orb.
     0 | D:1      | Reached XP level 1. HP: 19/19 MP: 1/1
   140 | D:1      | Reached XP level 2. HP: 23/27 MP: 2/2
   716 | D:1      | Reached XP level 3. HP: 33/33 MP: 3/3
  1672 | D:2      | Reached ** piety under Trog
  1694 | D:2      | Reached skill level 5 in Axes
  1694 | D:2      | Reached XP level 4. HP: 23/41 MP: 4/4
  1954 | D:2      | Found a faded altar of an unknown god.
  1962 | D:2      | Fell from the grace of Trog
  1962 | D:2      | Became a worshipper of the Wu Jian Council
  1962 | D:2      | Reached * piety under Wu Jian
  2113 | D:2      | Noticed Natasha
  2128 | D:2      | Killed Natasha
  2442 | D:2      | Noticed Natasha
  2453 | D:2      | Killed Natasha
  2453 | D:2      | Reached skill level 5 in Fighting
  2453 | D:2      | Reached XP level 5. HP: 25/48 MP: 5/5
  2879 | D:2      | Paralysed by Trog for 5 turns
  2939 | D:2      | Noticed Natasha
  2949 | D:2      | Killed Natasha
  3210 | D:2      | Reached skill level 6 in Axes
  3714 | D:3      | Found a white marble altar of Elyvilon.
  4069 | D:4      | Reached XP level 6. HP: 50/57 MP: 6/6
  4138 | D:4      | Reached ** piety under Wu Jian
  4364 | D:4      | Found a staircase to the Ecumenical Temple.
  4459 | D:4      | Noticed a moth of wrath
  4462 | D:4      | Found a bloodstained altar of Trog.
  4640 | D:4      | Reached skill level 7 in Axes
  4649 | D:4      | Noticed a phantom
  4690 | D:4      | Killed a phantom
  4690 | D:4      | Reached XP level 7. HP: 51/64 MP: 7/7
  4828 | D:4      | Noticed a polar bear
  4828 | D:4      | Noticed a polar bear
  4831 | D:4      | HP: 1/64 [black bear[the rage of Trog] (6)]
  4832 | D:4      | Slain by a black bear

Illustrated notes

Levels and vault maps discovered:
D:1:      lemuel_arrival_muddy, layout_basic, minmay_misc_feat_tower
D:2:      layout_loops_ring, chequers_ecumenical_altar_simple,
          chequers_serial_rivers_room_a, minmay_gold_behind_fungi, uniq_natasha
D:3:      layout_basic, elyvilon_altar_4
D:4:      layout_loops_ring, tgw_trog, minmay_temple_entry_tees, first_ration,
          grunt_ministairs_7, minmay_liquid_box

Skill      XL: |  1  2  3  4  5  6 |
---------------+-------------------+-----
Fighting       | 4 5 6 |  6.8
Dodging        | 2 |  2.0
Axes           | 5 6 7 |  7.5
Armour         | |  2.7

Action                   |  1- 3 |  4- 6 |  7- 9 || total
-------------------------+-------+-------+-------++-------
Melee: Hand axe          |   108 |   192 |    10 ||   310
Invok: Berserk           |     2 |       |       ||     2
       Lunge             |       |    13 |     1 ||    14
       Whirlwind         |       |     1 |       ||     1
  Use: Potion            |       |     1 |       ||     1
  Eat: Chunk             |     3 |    11 |     1 ||    15
Armor: Leather armour    |    24 |    22 |       ||    46
       Animal skin       |     1 |       |       ||     1
       Chain mail        |       |    40 |    22 ||    62
Dodge: Dodged            |    69 |    88 |    11 ||   168
